 Dungeon Crawl Stone Soup version 0.26.1-2-gb8aa6d0cf2 (webtiles) character file.

Game seed: 2280366077493609488

82518 Zdeegee the Swashbuckler (level 16, -8/109 HPs)
             Began as a Halfling Brigand on Feb 11, 2021.
             Was the Champion of Dithmenos.
             Killed by divine providence
             ... invoked by an orc high priest
              (12 damage)
             ... on level 2 of the Orcish Mines.
             The game lasted 01:10:49 (28070 turns).

Zdeegee the Swashbuckler (Halfling Brigand)        Turns: 28070, Time: 01:10:50

Health: -8/109     AC: 14    Str: 16    XL:     16   Next: 21%
Magic:  18/20      EV: 31    Int:  9    God:    Dithmenos [******]
Gold:   1060       SH:  0    Dex: 36    Spells: 16/19 levels left

rFire    . . .     SeeInvis .   a - +5 rapier "Vuryz" {vorpal, *Drain rPois rN+++}
rCold    . . .     Faith    .   (shield restricted)
rNeg     + + +     Spirit   .   R - +1 troll leather armour
rPois    +         Reflect  .   L - +0 helmet
rElec    +         Harm     .   c - +0 cloak
rCorr    .         Rampage  .   i - +2 pair of gloves {Dex+3}
Will     ++...                  H - +0 pair of boots Stlth **++++++++
                                t - amulet "Janih" {rElec Regen+ Str+2}
HPRegen  1.08/turn              O - +6 ring of dexterity
MPRegen  0.17/turn              P - ring of the Sunfish {rN+ Will+ Str+2 Dex+4}

@: confusing touch, wreathed by umbra
A: small, mutation resistance 1
a: Renounce Religion, Shadow Step, Shadow Form


You were on level 2 of the Orcish Mines.
You worshipped Dithmenos.
Dithmenos was exalted by your worship.
You visited 4 branches of the dungeon, and saw 24 of its levels.
You visited 1 bazaar.
You also visited: Ossuary.

You collected 2319 gold pieces.
You spent 1259 gold pieces at shops.

Inventory:

Hand Weapons
 a - the +5 rapier "Vuryz" (weapon) {vorpal, *Drain rPois rN+++}
   (You acquired it on level 3 of the Lair of Beasts)

   It inflicts extra damage upon your enemies.
   It protects you from poison.
   It renders you almost immune to negative energy.
   It causes draining when unequipped.
 W - the +2 hunting sling of Zediodwi {speed, rN++ Will+ Int-2}
   (You found it on level 2 of the Lair of Beasts)

   Attacks with this weapon are significantly faster.
   It affects your intelligence (-2).
   It greatly protects you from negative energy.
   It affects your willpower, your defense against some magical effects.
 Z - a +8 rapier of electrocution
Missiles
 d - 75 poisoned darts (quivered)
 e - 8 curare-tipped darts
 K - 4 atropa-tipped darts
Armour
 c - a +0 cloak (worn)
 i - a +2 pair of gloves of dexterity (worn)
 k - a +2 kite shield
 H - a +0 pair of boots (worn)
 L - a +0 helmet (worn)
 R - a +1 troll leather armour (worn)
 T - the +8 chain mail "Uceny" {Regen+}
   (You found it on level 10 of the Dungeon)

   It increases your rate of regeneration.
 V - a +2 robe of willpower
Jewellery
 b - an uncursed amulet of the acrobat
 s - an uncursed ring of see invisible
 t - the amulet "Janih" (around neck) {rElec Regen+ Str+2}
   (You bought it in a shop in a bazaar)

   [amulet of regeneration]

   It affects your strength (+2).
   It insulates you from electricity.
   It increases your rate of regeneration.
 w - an uncursed amulet of reflection
 I - an uncursed ring of fire
 N - an uncursed ring of flight
 O - a +6 ring of dexterity (left hand)
 P - the ring of the Sunfish (right hand) {rN+ Will+ Str+2 Dex+4}
   (You bought it in a shop in a bazaar)

   [ring of willpower]

   It affects your strength (+2).
   It affects your dexterity (+4).
   It protects you from negative energy.
   It affects your willpower, your defense against some magical effects.
Wands
 r - a wand of iceblast (18)
 J - a wand of enslavement (7)
 M - a wand of disintegration (32)
 Q - a wand of flame (66)
 U - a wand of digging (7)
 X - a wand of paralysis (7)
Scrolls
 f - 9 scrolls of amnesia
 g - 17 scrolls of remove curse
 h - 8 scrolls of magic mapping
 j - 2 scrolls of blinking
 m - 8 scrolls of teleportation
 n - a scroll of identify
 o - 3 scrolls of fear
 u - 2 scrolls of enchant armour
 y - 6 scrolls of fog
Potions
 l - 4 potions of cancellation
 p - 5 potions of haste
 q - 9 potions of heal wounds
 v - 2 potions of lignification
 x - 6 potions of brilliance
 z - 3 potions of magic
 A - 5 potions of curing
 B - 5 potions of mutation
 C - 2 potions of flight
 D - 4 potions of berserk rage
 E - 2 potions of attraction
 F - a potion of ambrosia
 G - 2 potions of resistance
 S - a potion of invisibility
Miscellaneous
 Y - a box of beasts


   Skills:
 * Level 10.0 Fighting
 * Level 15.4 Short Blades
 + Level 3.3 Throwing
 * Level 9.8 Armour
 * Level 11.5 Dodging
 * Level 13.7 Stealth
 + Level 7.0 Shields
 + Level 2.2 Spellcasting
 + Level 7.0 Hexes
 * Level 6.4 Invocations
 + Level 2.5 Evocations


You had 16 spell levels left.
You knew the following spells:

 Your Spells              Type           Power        Failure   Level
a - Confusing Touch       Hex            13%          6%          3

Your spell library contained the following spells:

 Spells                   Type           Power        Failure   Level
 Corona                   Hex            14%          1%          1
 Dazzling Flash           Conj/Hex       14%          26%         3
 Animate Skeleton         Necr           2%           36%         1
 Apportation              Tloc           2%           36%         1
 Magic Dart               Conj           4%           36%         1
 Sandblast                Erth           2%           36%         1
 Shock                    Conj/Air       4%           36%         1
 Summon Small Mammal      Summ           4%           36%         1
 Passwall                 Tmut/Erth      0%           50%         2
 Searing Ray              Conj           2%           50%         2
 Swiftness                Air            1%           50%         2
 Fulminant Prism          Conj/Hex       3%           65%         4
 Gell's Gravitas          Tloc           0%           75%         3
 Static Discharge         Conj/Air       1%           75%         3
 Stone Arrow              Conj/Erth      2%           75%         3
 Metabolic Englaciation   Hex/Ice        3%           94%         5
 Yara's Violent Unravell  Hex/Tmut       3%           94%         5
 Airstrike                Air            0%           98%         4
 Iskenderun's Mystic Bla  Conj/Tloc      1%           98%         4
 Petrify                  Tmut/Erth      1%           98%         4
 Irradiate                Conj/Tmut      0%           100%        5
 Lee's Rapid Deconstruct  Erth           0%           100%        5
 Lightning Bolt           Conj/Air       0%           100%        5
 Hydra Form               Tmut           0%           100%        6
 Statue Form              Tmut/Erth      0%           100%        6
 Dragon Form              Tmut           0%           100%        7


Dungeon Overview and Level Annotations

Branches:
Dungeon (15/15)            Temple (1/1) D:6            Lair (6/6) D:9
 Shoals (0/4) Lair:2       Spider (0/4) Lair:4        Slime (0/5) Lair:5
    Orc (2/2) D:11         Vaults (0/5) D:14        Ossuary (visited)
    Elf: Orc:2       Depths: D:15

Altars:
Cheibriados
Dithmenos
Fedhas
Gozag
Hepliaklqana
Kikubaaqudgha
Makhleb
Nemelex Xobeh
Okawaru
Qazlal
Ru
Sif Muna
Trog
Uskayaw
Vehumet
Wu Jian
Xom
Yredelemnul
Zin
The Shining One

Shops:
D:7 =   D:11 (   Orc:1 (   Orc:2 :::}[

Annotations:
D:11 2 runed translucent doors, Zdeegee's ghost, journeyman DsNe
D:12 1 runed translucent door, SmokeWeed's ghost, journeyman SpVM
D:14 Boahovan's ghost, journeyman DsGl; Waecyras's ghost, adept KoGl
D:15 Atud's ghost, journeyman DsGl; Kefanin's ghost, adept GrEE; MadAsgardian's ghost, journeyman TrMo; Vochiuc's ghost, adept DEFE; Yakesh's ghost, journeyman MiFi


Innate Abilities, Weirdness & Mutations

You are small and have problems with some larger weapons.
You are somewhat resistant to further mutation.


Message History

The orc high priest is heavily wounded.
You hit the orc high priest but do no damage.
The orc high priest is heavily wounded.
Your shadow hits the orc high priest with a rapier.
The sun demon barely misses you.
The orc warrior hits you with a +0 long sword!
* * * LOW HITPOINT WARNING * * *
The orc high priest prays to Beogh.
The orc priest calls down the wrath of Beogh upon you.
Beogh smites you!
* * * LOW HITPOINT WARNING * * *
You emit a cloud of dark smoke.
The orc warrior hits you with a +1 mace of holy wrath!
* * * LOW HITPOINT WARNING * * *
Blink to where?
Press: ? - help, Dir - move target, p - orc high priest
As you read the scroll of blinking, it crumbles to dust.
The orc high priest invokes the aid of Beogh against you.
Beogh smites you!
You die...

#...))...#........).#)#§§§§.....
..)#)...............))§oooo)....
..##...........#......§3§o§)....
..##...........#.#....4o§§##....
#######.......####....§§§.# #..
...##........8##...........# .
..##..........##......#......
...........8.∩.8...#.#........
#......##.##.<..@...#.........
#...... ####.8.....## .....#.
##.....## ...### ##...## ##
#..## ####


You could see an orc high priest, a sun demon (summoned), a red devil (summoned)
and an orc.

Vanquished Creatures
  An orc warlord (Orc:2)
  Nessos (Orc:2)
  A fire dragon (D:14)
  8 vault guards (D:14)
  Erolcha (Orc:2)
  6 boulder beetles
  2 catoblepae (Lair:6)
  6 hydras
  2 two-headed ogres
  A centaur warrior (D:14)
  4 death yaks
  2 orc high priests
  Nergalle (D:12)
  An unseen horror (shapeshifter) (D:14)
  An unseen horror (D:12)
  An orc knight (Orc:1)
  Pikel (D:8)
  An oklob plant (D:11)
  2 cyclopes
  6 ugly things
  2 orc sorcerers
  A deep elf mage (D:14)
  A manticore (D:14)
  9 elephants
  A torpor snail (Lair:4)
  3 merfolk sirens (Lair:2)
  4 black mambas
  A gargoyle (D:11)
  16 cane toads
  10 komodo dragons
  An efreet (D:15)
  2 rime drakes
  4 hornets
  3 jumping spiders (Lair:4)
  A polar bear (Lair:6)
  7 trolls
  A tengu conjurer (D:15)
  A merfolk (Lair:2)
  11 blink frogs
  A wolf spider simulacrum (D:15)
  4 slime creatures (D:14)
  6 dream sheep
  A centaur simulacrum (D:15)
  2 shadows (D:15)
  4 wyverns
  62 yaks
  Eustachio (D:5)
  A fire elemental (Lair:4)
  3 basilisks (Lair:1)
  A steam dragon (D:14)
  Grum (D:9)
  Menkaure (D:4)
  4 wargs
  An acid dragon (D:14)
  17 water moccasins
  3 ice beasts
  41 orc warriors
  4 sky beasts
  A black bear (D:7)
  A necrophage (D:9)
  12 ogres
  20 wolves
  30 centaurs
  A lemure (D:8)
  A big kobold (D:11)
  15 bullfrogs
  A gnoll sergeant (D:9)
  A wyvern zombie (D:10)
  2 wyvern skeletons
  6 scorpions
  An oklob sapling (D:11)
  18 killer bees
  18 wights
  3 howler monkeys
  2 centaur zombies
  17 jellies
  6 bullfrog skeletons
  A bullfrog zombie (D:9)
  4 centaur skeletons
  19 orc priests
  A hound (D:12)
  18 orc wizards
  14 worker ants
  Natasha (thrice) (D:4)
  8 iguanas
  A big kobold zombie (Ossuary)
  8 mummies (Ossuary)
  A worker ant zombie (D:6)
  5 gnolls
  17 adders
  3 shadow imps
  4 white imps
  3 oozes
  An adder zombie (D:5)
  A worm (D:4)
  2 dart slugs (D:1)
  3 leopard geckos
  89 orcs
  7 bats
  3 giant cockroaches
  A gnoll zombie (Ossuary)
  8 goblins
  9 hobgoblins
  7 jackals
  2 quokkas
  7 ball pythons
  7 frilled lizards
  A hobgoblin zombie (Ossuary)
  15 kobolds
  2 kobold zombies (Ossuary)
  A leopard gecko skeleton (D:8)
  3 orc zombies (Ossuary)
  2 quokka zombies
  9 rats
  A butterfly (Lair:5)
733 creatures vanquished.

Vanquished Creatures (others)
  An orc (Orc:1)
  A ball lightning (D:15)
  A bush (D:11)
  39 fungi
  68 plants
110 creatures vanquished.

Grand Total: 843 creatures vanquished

Notes
Turn   | Place    | Note
-------+----------+-------------------------------------------
     0 | D:1      | Zdeegee the Halfling Brigand began the quest for the Orb.
     0 | D:1      | Reached XP level 1. HP: 14/14 MP: 1/1
    29 | D:1      | Reached skill level 5 in Stealth
    29 | D:1      | Reached XP level 2. HP: 19/19 MP: 2/2
   574 | D:1      | Reached XP level 3. HP: 24/24 MP: 3/3
  1024 | D:2      | Reached skill level 3 in Short Blades
  1264 | D:2      | Reached XP level 4. HP: 29/29 MP: 4/4
  1618 | D:2      | Reached skill level 1 in Armour
  2024 | D:3      | Reached XP level 5. HP: 29/34 MP: 5/5
  2896 | D:4      | Reached skill level 4 in Short Blades
  2996 | D:4      | Reached XP level 6. HP: 39/39 MP: 6/6
  3429 | D:4      | Reached skill level 5 in Short Blades
  3471 | D:4      | Noticed Menkaure
  3475 | D:4      | Noticed an ogre
  3483 | D:4      | Killed Menkaure
  3484 | D:4      | Reached XP level 7. HP: 13/45 MP: 7/7
  3770 | D:4      | Noticed Natasha
  3789 | D:4      | Killed Natasha
  3811 | D:4      | Reached skill level 6 in Short Blades
  3987 | D:5      | Entered Level 5 of the Dungeon
  3987 | D:5      | Noticed Eustachio
  3989 | D:5      | Killed Eustachio
  3990 | D:5      | Reached XP level 8. HP: 51/51 MP: 8/8
  3992 | D:5      | Found an opulent altar of Gozag.
  4027 | D:4      | Noticed Natasha
  4034 | D:4      | Killed Natasha
  4058 | D:4      | Noticed Natasha
  4067 | D:4      | Killed Natasha
  4068 | D:4      | Reached skill level 7 in Short Blades
  4104 | D:5      | Reached skill level 1 in Shields
  4364 | D:5      | Learned a level 3 spell: Confusing Touch
  4859 | D:6      | Found a sand-covered staircase.
  4864 | Ossuary  | Entered an ossuary
  5016 | Ossuary  | Reached XP level 9. HP: 18/57 MP: 9/9
  5389 | D:6      | You fall into a shaft and drop 1 floor!
  5529 | D:6      | Found a staircase to the Ecumenical Temple.
  5546 | Temple   | Entered the Ecumenical Temple
  5591 | Temple   | Became a worshipper of Dithmenos the Shadowed
  5679 | D:6      | Reached skill level 1 in Hexes
  5964 | D:6      | Reached skill level 8 in Short Blades
  6762 | D:7      | Found Soistresm's Jewellery Emporium.
  7739 | D:8      | Reached * piety under Dithmenos
  7746 | D:8      | Noticed a two-headed ogre
  8681 | D:8      | Noticed a hornet
  8704 | D:8      | Killed a hornet
  8705 | D:8      | Reached skill level 9 in Short Blades
  8705 | D:8      | Reached XP level 10. HP: 47/65 MP: 10/10
  9051 | D:9      | Noticed Grum
  9052 | D:9      | Killed Grum
  9067 | D:8      | Reached skill level 5 in Dodging
  9733 | D:9      | Found a radiant altar of Vehumet.
 10170 | D:9      | Reached skill level 5 in Fighting
 10180 | D:9      | Reached skill level 1 in Evocations
 10528 | D:9      | Noticed Pikel
 10605 | D:8      | Killed Pikel
 10606 | D:8      | Reached skill level 5 in Armour
 10709 | D:9      | Found a staircase to the Lair.
 10756 | D:9      | Reached skill level 10 in Short Blades
 11284 | D:10     | Entered Level 10 of the Dungeon
 11411 | D:9      | Reached ** piety under Dithmenos
 11412 | D:9      | Reached XP level 11. HP: 31/72 MP: 5/11
 11815 | D:10     | Got a twisted chain mail
 11817 | D:10     | Identified the +8 chain mail "Uceny" {Regen+} (You found it
                  | on level 10 of the Dungeon)
 12607 | D:11     | Reached skill level 5 in Shields
 12662 | D:11     | Found a staircase to the Orcish Mines.
 12679 | D:11     | Reached skill level 11 in Short Blades
 12745 | D:11     | Found a large runed translucent door.
 12745 | D:11     | Found a large runed translucent door.
 12848 | D:11     | Reached *** piety under Dithmenos
 12853 | D:11     | Noticed Zdeegee's ghost (journeyman DsNe)
 12875 | D:11     | Noticed a brown ugly thing
 12875 | D:11     | Noticed a boulder beetle
 12961 | D:10     | Killed a boulder beetle
 13037 | D:10     | Killed a brown ugly thing
 13568 | D:11     | Found Pautos's Antique Weapon Boutique.
 13753 | D:11     | Noticed a two-headed ogre
 13760 | D:11     | Killed a two-headed ogre
 13761 | D:11     | Reached XP level 12. HP: 79/79 MP: 12/12
 13876 | D:11     | Reached **** piety under Dithmenos
 13958 | Lair:1   | Entered Level 1 of the Lair of Beasts
 13980 | Lair:1   | Reached skill level 12 in Short Blades
 14201 | Lair:1   | Noticed a six-headed hydra
 14208 | Lair:1   | Killed a six-headed hydra
 14209 | Lair:1   | Reached skill level 10 in Stealth
 15682 | Lair:2   | Reached skill level 13 in Short Blades
 15945 | Lair:2   | Noticed a seven-headed hydra
 15949 | Lair:2   | Killed a seven-headed hydra
 16017 | Lair:2   | Reached XP level 13. HP: 84/86 MP: 14/14
 16157 | Lair:2   | Got a brightly glowing hunting sling
 16158 | Lair:2   | Identified the cursed +2 hunting sling of Zediodwi {speed,
                  | rN++ Will+ Int-2} (You found it on level 2 of the Lair of
                  | Beasts)
 16229 | Lair:2   | Reached ***** piety under Dithmenos
 16263 | Lair:2   | Found a staircase to the Shoals.
 16281 | Lair:2   | Reached skill level 1 in Invocations
 17152 | Lair:3   | Identified 2 scrolls of acquirement
 17152 | Lair:3   | Acquired the +5 rapier "Vuryz" {vorpal, *Drain rPois rN+++}
 17156 | Lair:3   | Acquired a +2 pair of gloves of dexterity
 17510 | Lair:4   | Found a hole to the Spider Nest.
 17562 | Lair:4   | Reached skill level 5 in Hexes
 18668 | Lair:4   | Reached skill level 14 in Short Blades
 18883 | Lair:5   | Noticed a boulder beetle
 18887 | Lair:5   | Killed a boulder beetle
 19181 | Lair:5   | Found a staircase to the Slime Pits.
 19194 | Lair:5   | Reached XP level 14. HP: 79/93 MP: 16/16
 19282 | Lair:5   | Found a burning altar of Makhleb.
 19535 | Lair:5   | Reached skill level 1 in Spellcasting
 20334 | Lair:6   | Entered Level 6 of the Lair of Beasts
 20626 | Lair:6   | Reached skill level 10 in Dodging
 22813 | D:12     | Found a runed translucent door.
 22813 | D:12     | Found a shimmering altar of Xom.
 22813 | D:12     | Noticed SmokeWeed's ghost (journeyman SpVM)
 22853 | D:12     | Noticed Nergalle
 22860 | D:12     | Killed Nergalle
 23125 | D:12     | Reached XP level 15. HP: 100/100 MP: 18/18
 23509 | D:13     | Found a flickering gateway to a bazaar.
 23529 | Bazaar   | Entered a bazaar
 23529 | Bazaar   | Found Doph's Jewellery Boutique.
 23529 | Bazaar   | Found Ifucec's Weapon Shoppe.
 23529 | Bazaar   | Found Paaqut's Jewellery Shop.
 23529 | Bazaar   | Found Dootwosk's Gadget Shoppe.
 23531 | Bazaar   | Found Nidej's General Store.
 23531 | Bazaar   | Found Cyhiv's Magic Scroll Emporium.
 23588 | Bazaar   | Bought the ring of the Sunfish {rN+ Will+ Str+2 Dex+4} for
                  | 536 gold pieces
 23685 | Bazaar   | Bought the amulet "Janih" {rElec Regen+ Str+2} for 723 gold
                  | pieces
 23891 | D:13     | Reached skill level 5 in Invocations
 23990 | D:13     | Found a blossoming altar of Fedhas.
 24438 | D:14     | Found a gate to the Vaults.
 24509 | D:14     | Reached skill level 15 in Short Blades
 25246 | D:14     | You fall into a shaft and drop 1 floor!
 25246 | D:15     | Entered Level 15 of the Dungeon
 25527 | D:14     | Reached ****** piety under Dithmenos
 25578 | D:14     | Found a shimmering blue altar of Sif Muna.
 25834 | D:15     | Found a huge runed gate.
 25844 | D:15     | Found a huge runed gate.
 25844 | D:15     | Found a huge runed gate.
 25845 | D:15     | Found a huge runed gate.
 25846 | D:15     | Found a huge runed gate.
 25846 | D:15     | Found a huge runed gate.
 26026 | D:15     | Found a huge runed gate.
 26026 | D:15     | Found a huge runed gate.
 26026 | D:15     | Found a huge runed gate.
 26026 | D:15     | Found a huge runed gate.
 26027 | D:15     | Found a huge runed gate.
 26029 | D:15     | Found a huge runed gate.
 26030 | D:15     | Found a huge runed gate.
 26031 | D:15     | Found a huge runed gate.
 26033 | D:15     | Found a huge runed gate.
 26034 | D:15     | Found a huge runed gate.
 26048 | D:15     | Found a huge runed gate.
 26062 | D:15     | Found a huge runed gate.
 26063 | D:15     | Found a huge runed gate.
 26064 | D:15     | Found a huge runed gate.
 26065 | D:15     | Found a huge runed gate.
 26071 | D:15     | Noticed Boahovan's ghost (journeyman DsGl)
 26071 | D:15     | Noticed Vochiuc's ghost (adept DEFE)
 26071 | D:15     | Noticed MadAsgardian's ghost (journeyman TrMo)
 26071 | D:15     | Noticed Waecyras's ghost (adept KoGl)
 26071 | D:15     | Noticed Yakesh's ghost (journeyman MiFi)
 26071 | D:15     | Noticed Kefanin's ghost (adept GrEE)
 26071 | D:15     | Noticed Kefanin's ghost (adept GrEE)
 26071 | D:15     | Noticed Atud's ghost (journeyman DsGl)
 26071 | D:15     | Noticed Yakesh's ghost (journeyman MiFi)
 26071 | D:15     | Noticed a tengu reaver
 26254 | Orc:1    | Entered Level 1 of the Orcish Mines
 26254 | Orc:1    | Found Asimah's Antique Weapon Shop.
 26691 | Orc:2    | Entered Level 2 of the Orcish Mines
 26718 | Orc:2    | Noticed Nessos
 26754 | Orc:2    | Killed Nessos
 26907 | Orc:2    | Reached XP level 16. HP: 109/109 MP: 20/20
 27562 | Orc:2    | Found Adwoedgh's Book Emporium.
 27562 | Orc:2    | Found Keinyqec's Book Boutique.
 27564 | Orc:2    | Found Xealapho's Book Shop.
 27567 | Orc:2    | Found Gagh's Gadget Shoppe.
 27599 | Orc:2    | Noticed Erolcha
 27676 | Orc:2    | Killed Erolcha
 27963 | Orc:2    | Reached skill level 10 in Fighting
 28020 | Orc:2    | Found Kohoffaj's Antique Armour Shoppe.
 28068 | Orc:2    | HP: 2/109 [orc warrior/+1 mace of holy wrath[an orc high
                  | priest] (13)]
 28070 | Orc:2    | Killed from afar by an orc high priest

Illustrated notes

Levels and vault maps discovered:
D:1:      dpeg_arrival_ratfight, layout_basic, serial_glass, glass_columns_a,
          glass_columns_a
D:2:      layout_loops_ring, uniq_jessica
D:3:      layout_basic, grunt_decor_cap
D:4:      layout_rooms, uniq_menkaure, uniq_natasha
D:5:      layout_rooms, basic_altar, uniq_eustachio
D:6:      layout_loops_ring, minmay_temple_entry_junction_2,
          nicolae_ossuary_entry_false_entrances, corexii_checkpoint_a
D:7:      layout_gridville, serial_shops, nicolae_shop_waterfront
D:8:      layout_basic
D:9:      layout_irregular_city, vehumet_crystals, lair_entry_dummy, uniq_pikel,
          uniq_grum
D:10:     layout_small_grid
D:11:     layout_gridville, erik_orc_4, ebering_ghost_disaster_area,
          serial_shops, nicolae_shop_competitors_out_of_business,
          introduction_to_nature_2
D:12:     layout_loops_ring, ebering_ghost_xom, uniq_nergalle
D:13:     layout_cave_pools, serial_shops, bzr_entry_water, basic_altar
D:14:     layout_rooms, erik_vaults_2, lemuel_round_altar, serial_bayou_crossing
D:15:     grunt_enter_depths_magical_seal, layout_basic,
          chequers_serial_rivers_micro_a, gammafunk_ghost_door_vault,
          fedhas_altar_4
Temple:   compressed_dpeg_circular_temple
Lair:1:   beast_lair_carwin_large_1, layout_layer_cave, lemuel_fruit_tree
Lair:2:   layout_chaotic_city, elwin_shoals_entry_stream, lemuel_fruit_fields,
          grunt_megastairs_2
Lair:3:   layout_regular_city
Lair:4:   layout_gridlike, spider_nest_entry_a, zaba_anthole
Lair:5:   layout_cave_pods, minmay_slime_entry_jelly_boxes, basic_altar,
          lemuel_fruit_fields
Lair:6:   due_jungle_book, layout_layer_cave, infiniplex_staircase_pool_2
Orc:1:    layout_diamond_mine, serial_shops, shop
Orc:2:    st_orc_rangers, layout_diamond_mine, serial_shops,
          nicolae_shop_statue_plus, uniq_erolcha, uniq_nessos

Skill      XL: |  1  2  3  4  5  6  7  8  9 10 11 12 13 14 15 16 |
---------------+-------------------------------------------------+-----
Stealth        | 5 6 7 8 9 10 11 12 13 | 13.7
Short Blades   | 3 4 5 6 7 9 10 11 13 14 15 | 15.4
Armour         | 1 2 3 4 5 7 8 9 |  9.8
Fighting       | 2 3 4 5 6 7 8 9 10 | 10.0
Dodging        | 2 3 4 6 7 8 9 10 11 | 11.5
Shields        | 1 3 4 5 6 7 |  7.0
Hexes          | 2 3 4 5 6 7 |  7.0
Evocations     | 1 2 |  2.5
Throwing       | 3 |  3.3
Invocations    | 3 4 6 |  6.4
Spellcasting   | 1 2 |  2.2

Action                   |  1- 3 |  4- 6 |  7- 9 | 10-12 | 13-15 | 16-18 || total
-------------------------+-------+-------+-------+-------+-------+-------++-------
Melee: Dagger            |    68 |    62 |       |       |       |       ||   130
       Rapier            |       |    91 |   288 |   911 |  1769 |   297 ||  3356
Throw: Dart              |       |       |    16 |    33 |     1 |     4 ||    54
 Cast: Confusing Touch   |       |       |       |     7 |    17 |     4 ||    28
Invok: Shadow Step       |       |       |       |       |     4 |     1 ||     5
Evoke: Wand              |       |       |     7 |     9 |    37 |     1 ||    54
       Box of beasts     |       |       |       |       |     2 |       ||     2
  Use: Potion            |       |     1 |     2 |     1 |     3 |       ||     7
       Scroll            |       |     2 |    17 |     9 |    22 |     1 ||    51
 Stab: Sleeping          |     9 |     9 |    20 |    13 |    64 |     2 ||   117
       Distracted        |       |     1 |     4 |     1 |     7 |     5 ||    18
       Confused          |       |       |       |     4 |    12 |     3 ||    19
       Petrified         |       |       |       |       |     1 |       ||     1
       Paralysed         |       |       |       |       |     1 |       ||     1
Armor: Robe              |    16 |    16 |    27 |    22 |       |       ||    81
       Animal skin       |       |       |       |    10 |       |       ||    10
       Troll leather arm |       |       |       |    66 |   170 |    26 ||   262
       Chain mail        |       |       |       |       |    20 |       ||    20
Dodge: Dodged            |    48 |   107 |   200 |   684 |  1063 |   323 ||  2425
Block: Other             |       |       |    43 |   170 |   115 |       ||   328
       Reflection        |       |       |     1 |     7 |       |       ||     8
